[Event "Titled Tuesday Blitz March 14 Late 2023"]
[White "Yelisieiev, Yevhenii"]
[Black "Salgado Lopez, Ivan"]
[WhiteFideId "14139642"]
[BlackFideId "2257327"]
[WhiteElo "2447"]
[BlackElo "2571"]
[Result "1-0"]
[Round "01"]
[TimeControl "180+2"]
[Date "2023.03.14"]
[WhiteClock "0:00:10"]
[BlackClock "0:00:01"]

1. d4 d5 2. Nf3 e6 3. e3 Nf6 4. Bd3 b6 5. O-O Bb7 6. b3 Nbd7 7. Bb2 Bd6 8. Ne5 O-O 9. Nd2 Ne4 10. f3 Nxd2 11. Qxd2 f5 12. c4 Qe7 13. Rac1 Rac8 14. cxd5 exd5 15. Nc6 Bxc6 16. Rxc6 g6 17. Qe2 Nf6 18. Bc3 Rce8 19. Bd2 Nh5 20. Qf2 Nf6 21. Rfc1 Rf7 22. R6c2 Qe6 23. Bb5 Ree7 24. Bc6 a5 25. Rb1 Ba3 26. b4 Bxb4 27. Bxb4 axb4 28. Rb3 Qd6 29. Qd2 f4 30. exf4 Nh5 31. g3 Ng7 32. Qxb4 Qxb4 33. Rxb4 Nf5 34. Kf2 Rf6 35. Bxd5+ Kg7 36. Be4 Rd6 37. Bxf5 gxf5 38. Rbc4 Kg6 39. Re2 Red7 40. Ke3 Re6+ 41. Kd3 Red6 42. Kc3 c5 43. dxc5 1-0


[Site "https://www.chess.com"]

[Event "Titled Tuesday Blitz March 14 Late 2023"]
[White "Sabar, Ethmane Daouda"]
[Black "Romkachess"]
[WhiteFideId "19600097"]
[WhiteElo "1950"]
[BlackElo "2575"]
[Result "0-1"]
[Round "01"]
[TimeControl "180+2"]
[Date "2023.03.14"]
[WhiteClock "0:00:02"]
[BlackClock "0:00:30"]

1. b3 e5 2. Bb2 Nc6 3. e3 Nf6 4. Bb5 Bd6 5. d3 a6 6. Bxc6 dxc6 7. Ne2 O-O 8. O-O Qe7 9. Nd2 Ng4 10. h3 Nf6 11. Ng3 Re8 12. e4 Ba3 13. Bxa3 Qxa3 14. Nc4 Qe7 15. Ne3 g6 16. f4 exf4 17. Rxf4 Be6 18. Qf3 Nd7 19. Rf1 c5 20. Qe2 Ne5 21. Nd5 Bxd5 22. exd5 f5 23. Qf2 Rad8 24. d4 cxd4 25. Qxd4 Nf7 26. c4 Qe3+ 27. Qxe3 Rxe3 28. R4f3 Re5 29. Kf2 Rde8 30. Rd1 Ng5 31. Rfd3 f4 32. Nf1 Re2+ 33. Kg1 Rxa2 34. c5 Ree2 35. d6 Rxg2+ 36. Kh1 cxd6 37. cxd6 Kf7 38. d7 Ne6 39. d8=Q Nxd8 40. Rxd8 f3 41. R8d3 Rgf2 42. Re3 g5 43. Kg1 Rg2+ 44. Kh1 Rgf2 45. Kg1 h5 46. Rdd3 Rg2+ 47. Kh1 Rgf2 48. Kg1 g4 49. hxg4 hxg4 50. Re4 Rg2+ 51. Kh1 Ra1 52. Rd7+ Kg6 0-1


[Site "https://www.chess.com"]

[Event "Titled Tuesday Blitz March 14 Late 2023"]
[White "Reprintsev, Alexander"]
[Black "ritanovikova"]
[WhiteFideId "14100541"]
[WhiteElo "2229"]
[BlackElo "2168"]
[Result "1-0"]
[Round "01"]
[TimeControl "180+2"]
[Date "2023.03.14"]
[WhiteClock "0:01:44"]
[BlackClock "0:01:20"]

1. e4 d5 2. exd5 Qxd5 3. Nc3 Qd6 4. d4 a6 5. g3 Nf6 6. Bf4 Qb4 7. a3 Qb6 8. Nf3 Bg4 9. Bg2 Nc6 10. h3 Bxf3 11. Qxf3 Nxd4 12. Qxb7 Qxb7 13. Bxb7 Ra7 14. O-O-O Nb3+ 15. cxb3 Rxb7 16. Kc2 e6 17. Rhe1 Be7 18. Ne4 Nd5 19. Bg5 Bd6 20. Nxd6+ cxd6 21. Rxd5 Kd7 22. Rd3 Rc8+ 23. Rc3 1-0


[Site "https://www.chess.com"]

[Event "Titled Tuesday Blitz March 14 Late 2023"]
[White "lisjakzlatko1"]
[Black "Chylewski, Patryk"]
[BlackFideId "1186191"]
[WhiteElo "2166"]
[BlackElo "2163"]
[Result "0-1"]
[Round "01"]
[TimeControl "180+2"]
[Date "2023.03.14"]
[WhiteClock "0:00:19"]
[BlackClock "0:00:34"]

1. d4 Nf6 2. Nc3 d5 3. Bf4 a6 4. e3 e6 5. Bd3 c5 6. Nf3 Nc6 7. a3 Bd6 8. dxc5 Bxc5 9. e4 dxe4 10. Nxe4 Be7 11. O-O O-O 12. Qe2 Qa5 13. b4 Qh5 14. Ng3 Qg4 15. Bc7 Nd4 16. Nxd4 Qxd4 17. Be5 Qg4 18. f3 Qh4 19. c4 Bd7 20. Rad1 Rfd8 21. Bb1 Ba4 22. Bc2 Bxc2 23. Qxc2 Nd7 24. Bb2 Nb6 25. c5 Nd5 26. Ne4 Qh6 0-1


[Site "https://www.chess.com"]

[Event "Titled Tuesday Blitz March 14 Late 2023"]
[White "Comas Fabrego, Lluis"]
[Black "Estrada Nieto, Julian"]
[WhiteFideId "2200325"]
[BlackFideId "5101018"]
[WhiteElo "2523"]
[BlackElo "2176"]
[Result "1-0"]
[Round "01"]
[TimeControl "180+2"]
[Date "2023.03.14"]
[WhiteClock "0:00:11"]
[BlackClock "0:00:01"]

1. Nf3 d5 2. d4 Nf6 3. c4 dxc4 4. e3 e6 5. Bxc4 a6 6. O-O c5 7. b3 Nc6 8. Bb2 cxd4 9. Nxd4 Bd7 10. Nc3 Nxd4 11. Qxd4 Bc6 12. Qxd8+ Rxd8 13. Rfd1 Rxd1+ 14. Rxd1 Be7 15. Ne2 O-O 16. Nd4 Rd8 17. Be2 Bd7 18. Bf3 Bc8 19. Nc2 Rxd1+ 20. Bxd1 Nd7 21. Bf3 Bf6 22. Bxf6 Nxf6 23. g4 Kf8 24. g5 Ne8 25. b4 Ke7 26. Be4 g6 27. f4 Nd6 28. Bf3 Nc4 29. Kf2 Kd6 30. Nd4 e5 31. Nb3 exf4 32. exf4 b6 33. Nd4 Bd7 34. Be2 b5 35. Bxc4 bxc4 36. Ke3 Kd5 37. Ne2 Bg4 38. Nc3+ Kd6 39. Kd4 Be6 40. a4 Kc6 41. b5+ axb5 42. axb5+ Kb6 43. h4 Kb7 44. Kc5 Kc7 45. b6+ Kb7 46. Nb5 Bh3 47. Nd6+ Ka6 48. Nxc4 Bf1 49. Nd6 Bh3 50. Nxf7 Be6 51. Ne5 Bh3 52. Nc6 Kb7 53. Nb4 Bf1 54. Nd5 Bh3 55. Nf6 Bf5 56. Nxh7 Kc8 57. Nf6 Kd8 58. h5 gxh5 59. Nxh5 Kd7 60. Nf6+ Kc8 61. Kd6 Kb7 62. Ke7 Kxb6 63. Kf7 Kc6 64. g6 Kd6 65. g7 Be6+ 66. Kf8 Bc4 67. Nh5 Kc5 68. Ng3 Kd4 69. f5 Ke5 70. Ke7 Bd5 71. f6 Kf4 72. f7 Kxg3 73. f8=Q 1-0


[Site "https://www.chess.com"]

[Event "Titled Tuesday Blitz March 14 Late 2023"]
[White "Roebers, Eline"]
[Black "Aung Thant Zin"]
[WhiteFideId "1058401"]
[BlackFideId "13000063"]
[WhiteElo "2543"]
[BlackElo "2278"]
[Result "1-0"]
[Round "01"]
[TimeControl "180+2"]
[Date "2023.03.14"]
[WhiteClock "0:01:18"]
[BlackClock "0:00:01"]

1. e4 c5 2. Nf3 Nc6 3. d4 cxd4 4. Nxd4 Nf6 5. Nc3 d6 6. Nd5 Nxd5 7. exd5 Qa5+ 8. Bd2 Qxd5 9. Nb5 Qe5+ 10. Be2 d5 11. Bc3 Qb8 12. Qxd5 a6 13. Nd4 e6 14. Qe4 Bd7 15. O-O-O Be7 16. Nxc6 Bxc6 17. Qg4 Bf6 18. Bxf6 gxf6 19. Kb1 Ke7 20. Qb4+ Ke8 21. Rhe1 Rg8 22. g3 Qc7 23. Bh5 Qe7 24. Qb3 Kf8 25. Rd4 1-0


[Site "https://www.chess.com"]

[Event "Titled Tuesday Blitz March 14 Late 2023"]
[White "Adewumi, Tanitoluwa"]
[Black "Taboas Rodriguez, Daniel"]
[WhiteFideId "30966396"]
[BlackFideId "2208466"]
[WhiteElo "2803"]
[BlackElo "2365"]
[Result "1-0"]
[Round "02"]
[TimeControl "180+1"]
[Date "2023.03.14"]
[WhiteClock "0:00:36"]
[BlackClock "0:01:02"]

1. e4 e5 2. Nf3 Nc6 3. Nc3 Nf6 4. Bb5 Bb4 5. O-O O-O 6. d3 d6 7. Bg5 Bxc3 8. bxc3 Qe7 9. Bxc6 bxc6 10. Nd2 h6 11. Bh4 Be6 12. Qe2 Rab8 13. Rab1 Bxa2 14. Ra1 Rb2 15. Qd1 Rfb8 16. Qc1 a5 17. Nb3 Rxc2 18. Qxc2 Bxb3 19. Qb2 a4 20. Rxa4 Bxa4 21. Qxb8+ Kh7 22. Bxf6 gxf6 23. f4 Bc2 24. fxe5 fxe5 25. Rf3 c5 26. Qc8 c4 27. Rg3 1-0


[Site "https://www.chess.com"]

[Event "Titled Tuesday Blitz March 14 Late 2023"]
[White "Albornoz Cabrera, Carlos Daniel"]
[Black "Ismagilov, Damir"]
[WhiteFideId "3518736"]
[BlackFideId "34199982"]
[WhiteElo "2501"]
[BlackElo "2078"]
[Result "1-0"]
[Round "02"]
[TimeControl "180+1"]
[Date "2023.03.14"]
[WhiteClock "0:00:18"]
[BlackClock "0:00:02"]

1. Nf3 d5 2. d4 Nf6 3. c4 e6 4. Nc3 dxc4 5. e4 b5 6. e5 Nd5 7. Nxb5 Bb4+ 8. Bd2 a6 9. Nc3 Nb6 10. a3 Bxc3 11. bxc3 Bb7 12. h4 Nc6 13. h5 h6 14. a4 Na5 15. Rh3 Nb3 16. Ra2 Bd5 17. a5 Nd7 18. Rg3 Qe7 19. Rxg7 O-O-O 20. Ra4 Nxd2 21. Qxd2 Bxf3 22. gxf3 Nxe5 23. Qf4 Nd3+ 24. Bxd3 cxd3 25. Rxf7 Rhf8 26. Rxe7 Rxf4 27. Rc4 Rd7 28. Re8+ Kb7 29. Rb4+ Kc6 30. Rxe6+ Kd5 31. Re5+ Kd6 32. Re3 Rf5 33. Kd2 Rxa5 34. Kxd3 Rxh5 35. Rb8 Rf5 36. Rbe8 Rdf7 37. R8e6+ Kd7 38. Rxh6 Rxf3 39. Rxa6 Rxf2 40. Rae6 Rf1 41. R6e5 Ra1 42. Rd5+ Kc6 43. Rc5+ Kb7 44. Kc4 Rb1 45. Ree5 Rh7 46. Rb5+ Rxb5 47. Rxb5+ Kc6 48. Rf5 Rh6 49. Kb4 Kb6 50. c4 Rh1 51. Rf6+ Kb7 52. Kb5 Rb1+ 53. Kc5 Rh1 54. Rf7 Rh6 55. d5 Kc8 56. Kb5 Rb6+ 57. Kc5 Rh6 58. Re7 Kb7 59. Kb5 Rb6+ 60. Kc5 Rh6 61. Re6 Rh4 62. Kb5 Rh1 63. Rg6 Rh2 64. c5 Rb2+ 65. Kc4 Rc2+ 66. Kb4 Rb2+ 67. Kc3 Rb1 68. Rg7 Rc1+ 69. Kb4 Rb1+ 70. Ka3 Rc1 71. Kb4 Rb1+ 72. Kc4 Rc1+ 73. Kd4 Rd1+ 74. Ke4 Rc1 75. d6 Rxc5 76. d7 Rc4+ 77. Kd3 Rc1 78. Kd2 1-0


[Site "https://www.chess.com"]

[Event "Titled Tuesday Blitz March 14 Late 2023"]
[White "Almeida Quintana, Omar"]
[Black "Visakh N R"]
[WhiteFideId "3503313"]
[BlackFideId "25012223"]
[WhiteElo "2530"]
[BlackElo "2466"]
[Result "0-1"]
[Round "02"]
[TimeControl "180+1"]
[Date "2023.03.14"]
[WhiteClock "0:00:06"]
[BlackClock "0:00:53"]

1. d4 Nf6 2. c4 g6 3. Nc3 d5 4. cxd5 Nxd5 5. Bd2 Bg7 6. e4 Nxc3 7. Bxc3 c5 8. d5 Bxc3+ 9. bxc3 e6 10. Bc4 exd5 11. Bxd5 Nd7 12. f3 Nb6 13. Bb3 Be6 14. Ne2 Qe7 15. Qc1 O-O 16. O-O Rfd8 17. Qe3 Nc4 18. Bxc4 Bxc4 19. Rfd1 Bxe2 20. Qxe2 Qe5 21. Qe3 b5 22. f4 Qe7 23. e5 a5 24. h3 b4 25. c4 a4 26. Rd5 Rxd5 27. cxd5 c4 28. d6 Qb7 29. Qd4 c3 30. a3 b3 31. Qxc3 Rc8 32. Qd3 Rc2 33. Qf1 b2 34. Rb1 Qc6 35. Kh2 Qe4 36. d7 Qd5 37. Rd1 Rxg2+ 38. Qxg2 Qxd1 39. Qxb2 Qxd7 40. Qb4 h5 41. Kg3 Qd3+ 42. Kh4 Qd7 43. Qb8+ Kg7 44. Qb6 Qf5 45. Kg3 Qd3+ 46. Kh4 Qf5 47. Kg3 h4+ 48. Kg2 Qe4+ 49. Kg1 Qe1+ 50. Kg2 Qg3+ 51. Kf1 Qxf4+ 52. Kg1 Qg3+ 0-1


[Site "https://www.chess.com"]

[Event "Titled Tuesday Blitz March 14 Late 2023"]
[White "Ambartsumova, Karina"]
[Black "Khismatullin, Denis"]
[WhiteFideId "4166299"]
[BlackFideId "4142578"]
[WhiteElo "2300"]
[BlackElo "2531"]
[Result "0-1"]
[Round "02"]
[TimeControl "180+1"]
[Date "2023.03.14"]
[WhiteClock "0:00:06"]
[BlackClock "0:01:05"]

1. Nf3 c5 2. c4 Nf6 3. Nc3 e6 4. d4 cxd4 5. Nxd4 a6 6. a3 Qc7 7. e4 b6 8. Be2 Bb7 9. f3 Be7 10. Be3 O-O 11. Rc1 d6 12. O-O Nbd7 13. Qd2 Rac8 14. Rfd1 Rfe8 15. Kh1 Qb8 16. b4 h5 17. Bg5 Ne5 18. Na4 Ba8 19. b5 a5 20. Qe3 h4 21. Nb3 Ned7 22. Bd3 h3 23. g3 d5 24. cxd5 Rxc1 25. Rxc1 exd5 26. Bf4 Bd6 27. Nd2 Bxf4 28. Qxf4 Ne5 29. Bf1 dxe4 30. Nxe4 Nxe4 31. fxe4 Qd8 32. Nc3 Nd3 33. Bxd3 Qxd3 34. Rf1 f6 35. Rf3 Rxe4 36. Nxe4 Bxe4 37. Qb8+ Kh7 0-1


[Site "https://www.chess.com"]

[Event "Titled Tuesday Blitz March 14 Late 2023"]
[White "Arabidze, Meri"]
[Black "Steinberg, Nitzan"]
[WhiteFideId "13604040"]
[BlackFideId "2801795"]
[WhiteElo "2405"]
[BlackElo "2486"]
[Result "0-1"]
[Round "02"]
[TimeControl "180+1"]
[Date "2023.03.14"]
[WhiteClock "0:00:02"]
[BlackClock "0:00:10"]

1. Nf3 Nf6 2. g3 g6 3. Bg2 Bg7 4. O-O O-O 5. d4 d6 6. a4 Nbd7 7. a5 a6 8. Nc3 e5 9. e4 Re8 10. Re1 exd4 11. Nxd4 Nc5 12. h3 c6 13. Bf4 Nh5 14. Be3 Qc7 15. g4 Nf6 16. Bf4 Nfd7 17. Nb3 Ne5 18. Nxc5 dxc5 19. Bg3 g5 20. Qc1 Qe7 21. Na4 Be6 22. b3 Rad8 23. Qe3 c4 24. Nc5 h6 25. Rad1 cxb3 26. cxb3 Ng6 27. Nxe6 Qxe6 28. Qb6 Qe7 29. Rxd8 Rxd8 30. Bf1 Nf4 31. e5 Nd5 32. Qd4 Qb4 33. Qxb4 Nxb4 34. e6 fxe6 35. Rxe6 Kf7 36. Bc4 Nd5 37. Re1 Bc3 38. Rf1 Bxa5 39. f4 gxf4 40. Bxf4 Kg7 41. Be5+ Kg8 42. h4 b5 43. Be2 Bb6+ 44. Kh1 Re8 45. Rf5 a5 46. Bd3 a4 47. bxa4 bxa4 48. g5 Ne3 49. Rf6 Rxe5 50. Rg6+ Kf7 51. Rxc6 Bd8 52. gxh6 a3 53. h7 Kg7 54. Ra6 Ra5 55. Rg6+ Kxh7 56. Rd6+ Kg7 57. Rxd8 a2 58. Rd7+ Kf6 59. Rd6+ Ke5 0-1


[Site "https://www.chess.com"]

[Event "Titled Tuesday Blitz March 14 Late 2023"]
[White "Aung Thant Zin"]
[Black "Dzierzak, Radoslaw"]
[WhiteFideId "13000063"]
[BlackFideId "1161407"]
[WhiteElo "2278"]
[BlackElo "2166"]
[Result "0-1"]
[Round "02"]
[TimeControl "180+1"]
[Date "2023.03.14"]
[WhiteClock "0:00:21"]
[BlackClock "0:00:11"]

1. e4 c6 2. d4 d5 3. Nc3 dxe4 4. Nxe4 Bf5 5. Ng3 Bg6 6. h4 h6 7. Nf3 Nd7 8. Bd3 Bxd3 9. Qxd3 e6 10. Bd2 Ngf6 11. O-O-O Be7 12. Kb1 O-O 13. Ne4 Nxe4 14. Qxe4 Nf6 15. Qe2 Qd5 16. Ka1 Qe4 17. Be3 Nd5 18. Nd2 Qh7 19. c3 c5 20. dxc5 Nxe3 21. Qxe3 Rfc8 22. Ne4 b6 23. cxb6 axb6 24. Rd7 Bf8 25. Qf3 f5 26. Nd2 Ra4 27. Qe2 Qg6 28. Nb3 Rca8 29. Nc1 Qe8 30. Rhd1 e5 31. Qb5 Qe6 32. Qd5 Qxd5 33. R1xd5 R4a5 34. Kb1 e4 35. a3 g6 36. Ne2 Rxd5 37. Rxd5 Kf7 38. Rd6 Bxd6 39. Nd4 Be5 40. Nc6 Bf6 0-1


[Site "https://www.chess.com"]

[Event "Titled Tuesday Blitz March 14 Late 2023"]
[White "Avila Pavas, Santiago"]
[Black "Davidson, Kevin"]
[WhiteFideId "4437128"]
[BlackFideId "2056810"]
[WhiteElo "2365"]
[BlackElo "2151"]
[Result "1-0"]
[Round "02"]
[TimeControl "180+1"]
[Date "2023.03.14"]
[WhiteClock "0:00:18"]
[BlackClock "0:00:02"]

1. d4 Nf6 2. Nf3 g6 3. Bg5 Bg7 4. Nbd2 d6 5. e4 h6 6. Bh4 O-O 7. c3 Nc6 8. Bc4 e5 9. dxe5 dxe5 10. Qe2 Qe8 11. O-O Nh5 12. Bg3 Bg4 13. Qe3 Rd8 14. Bb5 a6 15. Bxc6 Qxc6 16. Bxe5 Bxf3 17. Nxf3 Bxe5 18. Nxe5 Qb5 19. Nf3 Kh7 20. Rab1 Rd3 21. Qe2 Nf4 22. Qc2 Rfd8 23. Nd4 Qg5 24. g3 Rd2 25. Qb3 Ne6 26. Nxe6 fxe6 27. Qxe6 R8d7 28. Qb3 b5 29. Rbd1 h5 30. Rxd2 Qxd2 31. Qe6 c5 32. b3 c4 33. bxc4 bxc4 34. Qxc4 Rb7 35. Qxa6 Rb2 36. Qa7+ Kh6 37. Qd4 Rxa2 38. h4 Qxd4 39. cxd4 Rd2 40. d5 Kg7 41. Kg2 Kf6 42. Kf3 Ke5 43. Ke3 Ra2 44. f4+ Kd6 45. Rd1 Ra3+ 46. Rd3 Ra1 47. e5+ Kd7 48. d6 Re1+ 49. Kd4 Ra1 50. Rc3 Ra4+ 51. Rc4 Ra5 52. Rc7+ Kd8 53. Rg7 Ra4+ 54. Kd5 Ra5+ 55. Ke6 Kc8 56. Rg8+ Kb7 57. d7 Ra6+ 58. Ke7 g5 59. d8=Q 1-0


[Site "https://www.chess.com"]

[Event "Titled Tuesday Blitz March 14 Late 2023"]
[White "Barash, Anton"]
[Black "Di Nicolantonio, Lucas"]
[WhiteFideId "30935229"]
[BlackFideId "680460"]
[WhiteElo "2342"]
[BlackElo "2358"]
[Result "0-1"]
[Round "02"]
[TimeControl "180+1"]
[Date "2023.03.14"]
[WhiteClock "0:00:48"]
[BlackClock "0:01:54"]

1. e4 g6 2. d4 Bg7 3. Nc3 d6 4. f4 a6 5. Nf3 b5 6. Bd3 Nd7 7. e5 c5 8. Be4 Rb8 9. O-O Nh6 10. Ng5 O-O 11. e6 Bxd4+ 12. Kh1 Nf6 13. exf7+ Nxf7 14. Nxf7 Rxf7 15. Bf3 Bxc3 16. bxc3 Bb7 17. f5 gxf5 18. Bh6 Qd7 19. Bh5 Nxh5 20. Qxh5 Qe6 21. Rae1 Qg6 22. Qxg6+ hxg6 23. Re6 Bd5 0-1


[Site "https://www.chess.com"]

[Event "Titled Tuesday Blitz March 14 Late 2023"]
[White "Bernat, David"]
[Black "Yanchenko, Roman"]
[WhiteFideId "2099225"]
[BlackFideId "4137329"]
[WhiteElo "2474"]
[BlackElo "2491"]
[Result "0-1"]
[Round "02"]
[TimeControl "180+1"]
[Date "2023.03.14"]
[WhiteClock "0:00:07"]
[BlackClock "0:00:15"]

1. c4 e6 2. e4 d5 3. exd5 exd5 4. cxd5 Qxd5 5. Nc3 Qd8 6. d4 Nf6 7. Nf3 Be7 8. Bc4 O-O 9. O-O Nbd7 10. Re1 c6 11. Ne5 Nxe5 12. dxe5 Qxd1 13. Rxd1 Ng4 14. Bf4 Be6 15. Bd3 f6 16. exf6 Bxf6 17. Bg3 Rae8 18. Re1 Bd4 19. Re2 Bd7 20. Rae1 Nxf2 21. Bc4+ Kh8 22. Rxe8 Ne4+ 23. Kh1 Nxg3+ 24. hxg3 Rxe8 25. Rd1 c5 26. Ne2 Bg4 27. Rd2 Bf6 28. Nf4 a6 29. b3 g6 30. Bd5 Re7 31. Bf3 Bf5 32. Rd8+ Kg7 33. Kh2 Be5 34. Rd5 Bd4 35. Nh5+ Kh6 36. Nf4 Re1 37. g4 Be6 38. g5+ Kg7 39. Rd8 Be5 40. Kg3 Bf5 41. Rd5 Bd4 42. Nh3 Re7 43. Nf4 Be5 44. Rxc5 Bb8 45. Rc4 Rd7 46. Kf2 h6 47. Ke3 hxg5 48. Nd5 g4 49. Be4 Ba7+ 50. Kf4 Rf7 51. Bxf5 Rxf5+ 52. Ke4 Rf2 53. Rc7+ Kh6 54. Rxb7 Re2+ 55. Kd3 Rxg2 56. Rxa7 Rxa2 57. Ne3 g3 58. Rf7 g2 59. Nxg2 Rxg2 60. Rf6 Rg3+ 61. Kc4 Rg4+ 62. Kc5 a5 63. Kb5 Rb4+ 64. Kxa5 Rxb3 65. Ka4 Rb1 66. Rf2 g5 67. Rh2+ Kg6 68. Rh8 g4 69. Rg8+ Kf5 70. Ka3 Kf4 71. Ka2 Rb5 72. Rf8+ Ke4 73. Rg8 Kf3 74. Rf8+ Kg2 75. Rg8 g3 76. Ka3 Kf2 77. Rf8+ Kg1 78. Rg8 g2 0-1


[Site "https://www.chess.com"]

[Event "Titled Tuesday Blitz March 14 Late 2023"]
[White "Bilan, Danila"]
[Black "Preotu, Razvan"]
[WhiteFideId "24161918"]
[BlackFideId "2613280"]
[WhiteElo "2182"]
[BlackElo "2407"]
[Result "0-1"]
[Round "02"]
[TimeControl "180+1"]
[Date "2023.03.14"]
[WhiteClock "0:00:01"]
[BlackClock "0:01:35"]

1. d4 Nf6 2. Nf3 g6 3. Bg5 Bg7 4. c3 O-O 5. Nbd2 d6 6. e4 c5 7. dxc5 dxc5 8. Qc2 Nc6 9. Be2 Qc7 10. O-O h6 11. Bh4 Nh5 12. Rfe1 Rb8 13. a4 a6 14. Nc4 b5 15. axb5 axb5 16. Ne3 e6 17. Bg3 Nxg3 18. hxg3 c4 19. Ng4 h5 20. Ne3 Bb7 21. g4 hxg4 22. Nxg4 Qf4 23. Nfh2 Rfd8 24. g3 Qd2 25. Rac1 Na5 26. Bf3 Nb3 27. Qxd2 Rxd2 0-1


[Site "https://www.chess.com"]

[Event "Titled Tuesday Blitz March 14 Late 2023"]
[White "Biriukov, Ilja"]
[Black "Korchmar, Vasiliy"]
[WhiteFideId "4113373"]
[BlackFideId "24131750"]
[WhiteElo "2426"]
[BlackElo "2370"]
[Result "0-1"]
[Round "02"]
[TimeControl "180+1"]
[Date "2023.03.14"]
[WhiteClock "0:00:26"]
[BlackClock "0:00:03"]

1. c4 c6 2. Nc3 d5 3. cxd5 cxd5 4. d4 Nf6 5. Bf4 Nc6 6. Nf3 Nh5 7. Bg3 g6 8. e3 Bg7 9. Bd3 O-O 10. Bh4 h6 11. O-O f5 12. Rc1 g5 13. Bg3 Nxg3 14. hxg3 g4 15. Nh4 e6 16. Ng6 Rf7 17. Nf4 Qg5 18. a3 h5 19. Qe2 Bd7 20. Rc2 Bf6 21. Rfc1 Rh7 22. Kf1 h4 23. gxh4 Rxh4 24. g3 Rh2 25. Ke1 Na5 26. b4 Rh1+ 27. Qf1 Rxf1+ 28. Bxf1 Nc4 29. a4 Kf7 30. b5 Rh8 31. Ncxd5 exd5 32. Nxd5 Nb6 33. Nxb6 axb6 34. Rc7 Ke7 35. Rxb7 Rd8 36. Rxb6 Bxd4 37. Rb7 Bxe3 38. Rd1 Bc5 39. b6 Bb4+ 40. Ke2 Qf6 41. Bg2 Qb2+ 42. Kf1 Bc5 43. Re1+ Kf6 44. Re2 Bb5 45. axb5 Rd1+ 0-1


[Site "https://www.chess.com"]

[Event "Titled Tuesday Blitz March 14 Late 2023"]
[White "Bluebaum, Matthias"]
[Black "Popov, Mikhail"]
[WhiteFideId "24651516"]
[BlackFideId "4146182"]
[WhiteElo "2638"]
[BlackElo "2270"]
[Result "1-0"]
[Round "02"]
[TimeControl "180+1"]
[Date "2023.03.14"]
[WhiteClock "0:01:21"]
[BlackClock "0:00:06"]

1. d4 Nf6 2. c4 g6 3. Nc3 Bg7 4. e4 d6 5. Nf3 O-O 6. Be2 Na6 7. O-O e5 8. Be3 c6 9. d5 Ng4 10. Bg5 f6 11. Bh4 c5 12. Ne1 h5 13. h3 Nh6 14. a3 Nf7 15. Nd3 Nc7 16. b4 b6 17. Rb1 Bh6 18. f4 exf4 19. Bxh5 g5 20. Bf2 Ne5 21. Nxe5 fxe5 22. Bg4 Ne8 23. bxc5 bxc5 24. Bxc8 Qxc8 25. Qa4 Nf6 26. Qc6 Qd8 27. Rb7 Rf7 28. Rxf7 Kxf7 29. Rb1 Rb8 30. Rb7+ Kg6 31. Be1 g4 32. Bh4 Rxb7 33. Qxb7 Qa5 34. Qe7 Qxc3 35. Qxf6+ Kh7 36. Qf5+ Kh8 37. Qxg4 f3 38. Bf6+ Kh7 39. Qf5+ Kg8 40. Qg6+ 1-0


[Site "https://www.chess.com"]

[Event "Titled Tuesday Blitz March 14 Late 2023"]
[White "Bogaudinov, Rushan"]
[Black "Kokoszczynski, Jan"]
[WhiteFideId "4129288"]
[BlackFideId "1174460"]
[WhiteElo "1949"]
[BlackElo "2139"]
[Result "0-1"]
[Round "02"]
[TimeControl "180+1"]
[Date "2023.03.14"]
[WhiteClock "0:00:14"]
[BlackClock "0:00:37"]

1. a3 d5 2. e3 Nf6 3. Nf3 e6 4. c4 Be7 5. Nc3 O-O 6. d4 b6 7. b4 Bb7 8. c5 a5 9. Bb2 c6 10. Bd3 Ba6 11. O-O Nbd7 12. b5 cxb5 13. c6 Nb8 14. Ne5 b4 15. Nb5 Bxb5 16. Bxb5 Qc7 17. a4 Bd6 18. Rc1 Ra7 19. Qf3 Bxe5 20. dxe5 Ne4 21. Rfd1 Rc8 22. Qh5 Qe7 23. f3 Nc5 24. e4 dxe4 25. Rd6 Rac7 26. Bd4 Nxc6 27. Bxc5 bxc5 28. Rxc5 Nd4 29. Rxc7 Qxc7 30. h4 Nxb5 31. axb5 b3 32. b6 Qc1+ 33. Kh2 b2 34. Qg5 Qxg5 35. hxg5 b1=Q 0-1


[Site "https://www.chess.com"]

[Event "Titled Tuesday Blitz March 14 Late 2023"]
[White "Campelo, Leandro Fabricio"]
[Black "Peatman, Carter"]
[WhiteFideId "2103346"]
[BlackFideId "2096480"]
[WhiteElo "2070"]
[BlackElo "2003"]
[Result "1-0"]
[Round "02"]
[TimeControl "180+1"]
[Date "2023.03.14"]
[WhiteClock "0:00:02"]
[BlackClock "0:00:03"]

1. e4 e5 2. Nf3 Nf6 3. d4 Nxe4 4. Bd3 Nc6 5. Bxe4 d5 6. Bd3 e4 7. Bb5 exf3 8. Qxf3 Bd6 9. c3 O-O 10. O-O Ne7 11. Bf4 Bf5 12. Nd2 c6 13. Bxd6 Qxd6 14. Bd3 Qd7 15. Rfe1 Bg6 16. Re2 Rfe8 17. Rae1 Rad8 18. h3 Nc8 19. Bxg6 hxg6 20. Qf4 Nd6 21. Rxe8+ Rxe8 22. Rxe8+ Nxe8 23. Qb8 b6 24. Nf3 f6 25. g3 Kf7 26. Kg2 Nd6 27. h4 Ne4 28. Qf4 Kg8 29. Qb8+ Kh7 30. Qf4 a5 31. g4 a4 32. h5 gxh5 33. gxh5 b5 34. a3 Qe6 35. Nh4 Ng5 36. Nf5 Qe2 37. Ng3 Qc2 38. h6 Qxb2 39. hxg7 Kxg7 40. Nf5+ Kg6 41. Nh4+ Kf7 42. Qc7+ Ke8 43. Qxc6+ Ke7 44. Qxd5 Qxc3 45. Nf5+ Kf8 46. Qd7 Kg8 47. Qg7# 1-0


[Site "https://www.chess.com"]

[Event "Titled Tuesday Blitz March 14 Late 2023"]
[White "Castillo Pena, Patricia Evarista"]
[Black "Dinu, Dumitru-Daniel"]
[WhiteFideId "6412106"]
[BlackFideId "1208403"]
[WhiteElo "1919"]
[BlackElo "2240"]
[Result "0-1"]
[Round "02"]
[TimeControl "180+1"]
[Date "2023.03.14"]
[WhiteClock "0:00:01"]
[BlackClock "0:00:06"]

1. d4 Nf6 2. Nf3 e6 3. e3 c5 4. Bd3 cxd4 5. exd4 d5 6. O-O Nc6 7. Re1 Be7 8. Bg5 O-O 9. Nbd2 h6 10. Bh4 Qb6 11. Nb3 Bd7 12. c4 dxc4 13. Bxc4 Qd8 14. Rc1 Nb4 15. Nc5 b6 16. Nxd7 Qxd7 17. a3 Nbd5 18. Ne5 Qb7 19. Qf3 Rac8 20. Qe2 Nf4 21. Qf3 Qxf3 22. Nxf3 Rfd8 23. Ba6 Rxc1 24. Rxc1 N4d5 25. g3 g5 26. Bxg5 hxg5 27. Nxg5 Kg7 28. h4 Ne8 29. Rc6 Bxg5 30. hxg5 Nd6 31. Bd3 Kf8 32. Kg2 Ke7 33. f4 Kd7 34. Rc1 Rc8 35. Rh1 Ne7 36. Kf3 Ndf5 37. Ke4 Nd5 38. Kf3 Nxd4+ 39. Kg4 Ke7 0-1


[Site "https://www.chess.com"]

[Event "Titled Tuesday Blitz March 14 Late 2023"]
[White "Chabris, Christopher"]
[Black "Koutlas, Nikolaos"]
[WhiteFideId "2005263"]
[BlackFideId "25827138"]
[WhiteElo "2187"]
[BlackElo "2215"]
[Result "0-1"]
[Round "02"]
[TimeControl "180+1"]
[Date "2023.03.14"]
[WhiteClock "0:00:03"]
[BlackClock "0:00:12"]

1. e4 c5 2. Nf3 Nc6 3. Bb5 g5 4. Bxc6 dxc6 5. Nxg5 Nf6 6. d3 Rg8 7. O-O h6 8. Nf3 Bh3 9. Ne1 Qd7 10. Kh1 Bg4 11. f3 Bh5 12. Bf4 Nxe4 13. Qe2 Nf6 14. Nc3 Nd5 15. Nxd5 cxd5 16. c4 d4 17. Qe5 Bg6 18. Qxc5 e6 19. Qe5 Bg7 20. Qc5 b6 21. Qb4 Bf6 22. Rd1 e5 23. Bg3 h5 24. f4 e4 25. dxe4 Bxe4 26. Nf3 O-O-O 27. Rde1 Bc6 28. Ne5 Bxe5 29. Rxe5 Rxg3 30. Re7 Bxg2+ 31. Kg1 Bxf1+ 32. Kxf1 Qh3+ 33. Ke1 Re3+ 34. Kd1 Qf1+ 35. Kc2 Qe2+ 36. Kc1 Rxe7 37. Qb5 Qe3+ 38. Kc2 Qe4+ 39. Kb3 d3 40. Qa6+ Qb7 0-1


[Site "https://www.chess.com"]

[Event "Titled Tuesday Blitz March 14 Late 2023"]
[White "Chan, Kim Yew"]
[Black "Djordjevic, Dejan N"]
[WhiteFideId "5717981"]
[BlackFideId "913316"]
[WhiteElo "2206"]
[BlackElo "2261"]
[Result "1-0"]
[Round "02"]
[TimeControl "180+1"]
[Date "2023.03.14"]
[WhiteClock "0:01:17"]
[BlackClock "0:01:05"]

1. d4 Nf6 2. Nf3 g6 3. c4 Bg7 4. Nc3 d6 5. Bg5 O-O 6. e3 Nc6 7. Be2 a6 8. O-O Bd7 9. Rb1 h6 10. Bh4 e5 11. b4 exd4 12. exd4 Ne7 13. Bd3 Nf5 14. Bxf5 Bxf5 15. Rb2 Re8 16. Re2 Rxe2 17. Nxe2 b5 18. c5 a5 19. cxd6 cxd6 20. d5 axb4 21. Ned4 Bd7 22. Qb3 Qa5 23. Nc6 Qxa2 24. Qxb4 Nxd5 25. Qxb5 Rc8 26. Qxd5 Bxc6 27. Qxa2 1-0


[Site "https://www.chess.com"]